 Dungeon Crawl Stone Soup version 0.17-a0-4-gb793c6d (webtiles) character file.

203 Psiweapon the Grave Robber (level 5, 0/41 HPs)
             Began as a Mummy Necromancer on Mar 4, 2015.
             Slain by a slave (9 damage)
             ... led by Pikel
             ... on level 4 of the Dungeon.
             The game lasted 00:10:24 (3583 turns).

Psiweapon the Grave Robber (Mummy Necromancer)      Turns: 3583, Time: 00:10:24

Health: 0/41       AC:  4    Str: 12    XL:     5   Next: 51%
Magic:  9/9        EV: 11    Int: 14    God:
Gold:   200        SH:  0    Dex: 12    Spells: 3 memorised, 3 levels left

rFire  x . .     SeeInvis .     t - +6 whip "Traeged" {venom, Stlth+}
rCold  + . .     Clarity  .     o - +1 leather armour {MR+}
rNeg   + + +     SustAb   .     (no shield)
rPois  ∞         Gourm    .     (no helmet)
rElec  .         Spirit   .     (no cloak)
rCorr  .         Warding  .     (no gloves)
rMut   .         Stasis   .     (no boots)
MR     +....                    (no amulet)
Stlth  +++.......               (no ring)
                                (no ring)

@: somewhat resistant to hostile enchantments, fairly stealthy
A: no food or potions, fire vulnerability, restore body, cold resistance 1,
negative energy resistance 3, poison resistance, torment resistance, unbreathing
a: no special abilities


You were on level 4 of the Dungeon.
You were not hungry.

You visited 1 branch of the dungeon, and saw 4 of its levels.
You also visited: Sewer.

You collected 200 gold pieces.

Inventory:

Hand weapons
 h - a +0 club
 l - a +0 short sword
 q - a +0 flail
 r - a +0 falchion of slicing
 t - the +6 whip "Traeged" (weapon) {venom, Stlth+}
   (You found it on level 4 of the Dungeon)

   It poisons the flesh of those it strikes.
   It makes you more stealthy.
Missiles
 d - 114 stones
 i - 7 javelins (quivered)
 n - 18 sling bullets
Armour
 a - a +0 robe
 o - a +1 leather armour of magic resistance (worn)
Scrolls
 c - 3 scrolls of recharging
 e - 4 scrolls of identify {unknown}
 f - 2 scrolls of blinking {unknown}
 g - a scroll of fog {unknown}
 j - 2 scrolls of noise {unknown}
 k - 5 scrolls of teleportation
 m - a scroll of amnesia {unknown}
 p - a scroll of magic mapping {unknown}
 s - a scroll of fear {unknown}
Books
 b - a book of Necromancy

   Spells                             Type                      Level
   a - Pain                           Necromancy                   1
   b - Animate Skeleton               Necromancy                   1
   c - Vampiric Draining              Necromancy                   3
   d - Regeneration                   Charms/Necromancy            3
   e - Animate Dead                   Necromancy                   4
   f - Control Undead                 Necromancy                   4


   Skills:
 + Level 3.6 Fighting
 - Level 1.6 Dodging
 - Level 1.8 Stealth
 - Level 2.0 Spellcasting
 + Level 5.5 Necromancy


You had 3 spell levels left.
You knew the following spells:

 Your Spells              Type           Power        Failure   Level  Hunger
a - Pain                  Necr           ###.         3%          1    N/A
b - Vampiric Draining     Necr           ###.......   12%         3    N/A
c - Animate Skeleton      Necr           N/A          3%          1    N/A

Dungeon Overview and Level Annotations

Branches:
Dungeon (4/15)
 Temple: D:4-7

Altars:

Annotations:
D:4 Pikel


Innate Abilities, Weirdness & Mutations

You do not eat or drink.
Your flesh is vulnerable to fire.
Your flesh is cold resistant.
You are immune to negative energy.
Your system is resistant to poisons.
You are immune to unholy pain and torment.
You can survive without breathing.


Message History

Your kobold skeleton hits the slave but does no damage.
Your rat skeleton bites the slave but does no damage.
The slave barely misses you. The slave hits your rat skeleton!
Your rat skeleton is destroyed!
You hit Pikel.
Pikel is moderately wounded.
Pikel misses you.
Your kobold skeleton hits the slave.
The slave hits you!
Your orc skeleton hits the slave but does no damage.
The slave barely misses your kobold skeleton.
Your giant newt skeleton closely misses the slave.
A bat comes into view.
You swap places.
Pikel barely misses your kobold skeleton.
The slave hits you!
* * * LOW HITPOINT WARNING * * *
Your kobold skeleton barely misses the slave.
The slave hits your kobold skeleton!
Your kobold skeleton is destroyed!
The slave hits you!
You die...

.. ....b # ..(..##
##.(...## ##..#....##
#.........# ..###
....#p.# ###....
#.pK# ......# #.p.#
##..#..# ##p@## #.#
..# ##ZZ.# #.# #.##
##ZZ..### #.###..#
##..Z....# ##ZZ##..#
##......#.#
#..Z.%.Z###..%....###
Z####Z...#..#.....#
## ####..........#
.## #.....#....#


You could see Pikel, 4 slaves, a bat, a friendly giant newt skeleton and 4
friendly orc skeletons.

Vanquished Creatures
  A hound (D:4)
  2 giant mites
  4 adders
  A worm (D:2)
  An ooze (D:2)
  6 orcs
  7 giant cockroaches
  5 goblins
  3 hobgoblins
  7 jackals
  5 kobolds
  A quokka (D:2)
  3 ball pythons
  5 bats
  2 giant geckos (D:3)
  6 giant newts
  A quokka skeleton (D:4)
  8 rats
68 creatures vanquished.

Vanquished Creatures (collateral kills)
  A crimson imp (D:4)
  An adder (D:4)
  3 orcs (D:4)
  A jackal (D:4)
  2 bats (Sewer)
  A goblin (D:4)
  A rat (D:4)
10 creatures vanquished.

Vanquished Creatures (others)
  A hound skeleton (D:4)
  A bat skeleton (Sewer)
  A ball python skeleton (Sewer)
  A giant newt skeleton (Sewer)
  3 jackal skeletons (D:4)
  A kobold skeleton (D:4)
  A rat skeleton (D:4)
9 creatures vanquished.

Grand Total: 87 creatures vanquished

Notes
Turn   | Place    | Note
--------------------------------------------------------------
     0 | D:1      | Psiweapon, the Mummy Necromancer, began the quest for the Orb.
     0 | D:1      | Reached XP level 1. HP: 13/13 MP: 3/3
   826 | D:2      | Reached XP level 2. HP: 20/20 MP: 1/4
   984 | D:2      | Reached skill level 1 in Fighting
  1246 | D:2      | Reached XP level 3. HP: 26/26 MP: 1/6
  1298 | D:2      | Learned a level 3 spell: Vampiric Draining
  1300 | D:2      | Learned a level 1 spell: Animate Skeleton
  2293 | D:3      | Reached XP level 4. HP: 32/34 MP: 2/7
  2537 | D:3      | Found a glowing drain.
  2541 | Sewer    | Entered a sewer
  2737 | Sewer    | Reached skill level 5 in Necromancy
  3081 | D:4      | Reached XP level 5. HP: 24/41 MP: 9/9
  3532 | D:4      | Got a brightly glowing whip
  3533 | D:4      | Identified the +6 whip "Traeged" {venom, Stlth+} (You found it on level 4 of the Dungeon)
  3570 | D:4      | Noticed a slave
  3571 | D:4      | Noticed a slave
  3572 | D:4      | Noticed Pikel
  3572 | D:4      | Noticed a slave
  3572 | D:4      | Noticed a slave
  3583 | D:4      | Slain by a slave

Action                   |  1- 3 |  4- 6 || total
-------------------------+-------+-------++-------
Melee: Short sword       |    46 |       ||    46
       Falchion          |       |    71 ||    71
       Whip              |       |    12 ||    12
Throw: Stone             |     7 |       ||     7
       Javelin           |       |     2 ||     2
 Cast: Pain              |    53 |    16 ||    69
       Animate Skeleton  |     4 |    21 ||    25
       Vampiric Draining |     1 |     5 ||     6
  Use: Scroll            |       |     2 ||     2
 Stab: Sleeping          |       |     1 ||     1
